 Dungeon Crawl Stone Soup version 0.27-a0-577-ge2a43ba0c9 (webtiles) character file.

Game seed: 1693965309686943204

1740 jestyr24 the Shield-Bearer (level 8, -5/64 HPs)
             Began as a Demonspawn Fighter on Mar 9, 2021.
             Was a Believer of Cheibriados.
             Slain by an orc priest
             ... wielding a +0 flail
              (6 damage)
             ... on level 8 of the Dungeon.
             The game lasted 00:33:28 (8848 turns).

jestyr24 the Shield-Bearer (Demonspawn Fighter)     Turns: 8848, Time: 00:33:28

Health: -5/64      AC: 22    Str: 22    XL:     8   Next: 77%
Magic:  9/9        EV:  6    Int: 14    God:    Cheibriados [**....]
Gold:   441        SH: 11    Dex: 17    Spells: 7/7 levels left

rFire    . . .     SeeInvis .   a - +0 long sword
rCold    . . .     Faith    .   y - +0 kite shield
rNeg     . . .     Spirit   .   w - +2 plate armour {Will+}
rPois    .         Reflect  .   E - +0 helmet
rElec    .         Harm     .   e - +0 cloak
rCorr    .         Rampage  .   l - +0 pair of gloves
Will     +....                  F - +0 pair of boots
Stlth    ..........             (no amulet)
HPRegen  0.20/turn              B - +4 ring of slaying
MPRegen  0.11/turn              (no ring)

@: mighty, flying, hasted
A: icy blue scales 1, powered by pain 2, spiny 1
a: Renounce Religion, Bend Time


You were on level 8 of the Dungeon.
You worshipped Cheibriados.
Cheibriados was pleased with you.
You visited 2 branches of the dungeon, and saw 10 of its levels.

You collected 441 gold pieces.

Inventory:

Hand Weapons
 a - a +0 long sword (weapon)
 f - a +1 dagger of venom
 m - a +1 whip of flaming
 p - a +2 whip of electrocution
 D - a +2 flail of protection
Missiles
 q - 7 poisoned darts (quivered)
Armour
 e - a +0 cloak (worn)
 l - a +0 pair of gloves (worn)
 w - a +2 plate armour of willpower (worn)
 y - a +0 kite shield (worn)
 C - a +2 buckler
 E - a +0 helmet (worn)
 F - a +0 pair of boots (worn)
Jewellery
 b - a ring of ice
 B - a +4 ring of slaying (left hand)
Wands
 d - a wand of flame (38)
Scrolls
 g - 3 scrolls of teleportation
 r - 2 scrolls of amnesia {unknown}
 s - 4 scrolls of immolation {unknown}
 t - 3 scrolls of identify {unknown}
 v - a scroll of enchant armour {unknown}
 z - a scroll of magic mapping {unknown}
 A - a scroll of enchant weapon {unknown}
Potions
 c - 2 potions of ambrosia {unknown}
 h - a potion of degeneration {unknown}
 i - 2 potions of lignification {unknown}
 j - 6 potions of curing {unknown}
 k - 2 potions of mutation {unknown}
 u - a potion of heal wounds {unknown}
 x - 4 potions of attraction {unknown}


   Skills:
 * Level 5.8 Fighting
 - Level 2.8 Long Blades
 + Level 6.3 Armour
 + Level 2.4 Dodging
 - Level 0.2 Stealth
 + Level 6.6 Shields
 * Level 1.8 Invocations


You had 7 spell levels left.
You didn't know any spells.
Your spell library contained the following spells:

 Spells                   Type           Power      Damage    Failure   Level
 Summon Small Mammal      Summ           0%         N/A       100%        1
 Call Imp                 Summ           0%         N/A       100%        2
 Call Canine Familiar     Summ           0%         N/A       100%        3
 Summon Guardian Golem    Hex/Summ       0%         N/A       100%        3
 Summon Ice Beast         Ice/Summ       0%         N/A       100%        4
 Summon Lightning Spire   Summ/Air       0%         N/A       100%        4


Dungeon Overview and Level Annotations

Branches:
Dungeon (9/15)             Temple (1/1) D:5
   Lair: D:8-11         Orc: D:9-12

Altars:
Ashenzari
Cheibriados
Dithmenos
Elyvilon
Fedhas
Gozag
Hepliaklqana
Kikubaaqudgha
Makhleb
Nemelex Xobeh
Okawaru
Qazlal
Ru
Sif Muna
Trog
Uskayaw
Vehumet
Wu Jian
Xom
Yredelemnul
Zin
The Shining One

Shops:
D:4 (


Innate Abilities, Weirdness & Mutations

You are partially covered in icy blue scales. (AC +2)
You sometimes gain power by taking damage.
You are partially covered in sharp spines.


Message History

The orc priest hits you but does no damage.
The orc priest barely misses you.
There is a stone staircase leading down here.
You block the orc priest's attack.
You climb downwards.
An adder, 2 orcs, an orc warrior and an orc wizard come into view.
The orc warrior shouts!
The orc shouts!
The orc wizard shouts!
The adder hisses angrily.
Found a scroll labelled ROMNAM GUAFOIG and 9 gold pieces.
There is a stone staircase leading up here.
The orc priest is struck by your spines.
The orc priest hits you but does no damage.
You block the orc priest's attack.
You climb upwards.
The orc priest barely misses you.
You riposte.
You slash the orc priest!
The orc priest is heavily wounded.
There is a stone staircase leading down here.
You closely miss the orc priest.
The orc priest is heavily wounded.
You block the orc priest's attack.
The orc priest invokes the aid of Beogh against you.
Beogh smites you!
* * * LOW HITPOINT WARNING * * *
You focus on the pain.
You feel very mighty all of a sudden.
The orc priest calls upon Beogh to heal the orc priest.
The orc priest's wounds heal themselves!
It was a potion of haste.
You feel yourself speed up.
Cheibriados forgives your accidental hurry, just this once.
You block the orc priest's attack.
The orc priest hits you but does no damage.
The orc priest invokes the aid of Beogh against you.
Beogh smites you!
* * * LOW HITPOINT WARNING * * *
It was a potion of flight.
You feel very buoyant.
You fly up into the air.
You block the orc priest's attack.
The orc priest hits you but does no damage.
The orc priest hits you with a +0 flail.
You die...

#.)................<##
#...................#
#...................#
#./.................#
#...................#
##'######.##########
##..##..##.###..#..#.
#....o............#..
#..o@o............#..
#####################


You could see 3 orc priests.

Vanquished Creatures
  An ice beast (D:6)
  An orc warrior (D:5)
  A sky beast (D:6)
  An ogre (D:4)
  3 centaurs (D:6)
  3 bullfrogs
  A howler monkey (D:5)
  A lava snake (D:7)
  A quasit (D:6)
  4 hounds
  2 centaur skeletons
  4 orc priests
  2 bullfrog skeletons
  2 iguanas
  5 orc wizards
  2 worker ants (D:4)
  A killer bee zombie (D:6)
  Robin (D:3)
  9 adders
  A shadow imp (D:4)
  A white imp (D:6)
  2 oozes
  An adder skeleton (D:7)
  An adder zombie (D:5)
  5 worms
  4 dart slugs
  4 leopard geckos
  8 orcs
  3 ball pythons
  6 bats
  2 giant cockroaches
  16 goblins
  6 hobgoblins
  20 jackals
  4 kobolds
  2 quokkas
  5 frilled lizards
  A jackal skeleton (D:4)
  A quokka skeleton (D:6)
  A quokka zombie (D:7)
  6 rats
145 creatures vanquished.

Notes
Turn   | Place    | Note
-------+----------+-------------------------------------------
     0 | D:1      | jestyr24 the Demonspawn Fighter began the quest for the
                  | Orb.
     0 | D:1      | Reached XP level 1. HP: 18/18 MP: 1/1
   428 | D:1      | Gained mutation: You sometimes gain a little power by
                  | taking damage. [demonic ancestry]
   428 | D:1      | Reached XP level 2. HP: 24/24 MP: 2/2
  1025 | D:2      | Gained mutation: You are partially covered in sharp spines.
                  | [demonic ancestry]
  1025 | D:2      | Reached XP level 3. HP: 21/29 MP: 3/3
  1142 | D:2      | Found an ornate altar of the Wu Jian Council.
  1502 | D:2      | Reached XP level 4. HP: 27/35 MP: 4/4
  2207 | D:2      | Found a faded altar of an unknown god.
  2207 | D:2      | Found a faded altar of an unknown god.
  2207 | D:2      | Found a hazy altar of Hepliaklqana.
  2209 | D:2      | Found a faded altar of an unknown god.
  2439 | D:3      | Reached skill level 1 in Dodging
  2687 | D:3      | Noticed Robin
  2708 | D:3      | Killed Robin
  2922 | D:3      | Gained mutation: You sometimes gain power by taking damage.
                  | [demonic ancestry]
  2922 | D:3      | Reached XP level 5. HP: 20/41 MP: 5/5
  3423 | D:3      | Found a faded altar of an unknown god.
  3563 | D:3      | Found a hide-covered altar of Uskayaw.
  3802 | D:4      | Found Diycuidgh's Antique Weapon Shoppe.
  3839 | D:4      | Found a bloodstained altar of Trog.
  3980 | D:4      | Noticed an ogre
  3990 | D:4      | Gained mutation: You are partially covered in icy blue
                  | scales. (AC +2) [demonic ancestry]
  3990 | D:4      | Reached XP level 6. HP: 48/48 MP: 6/6
  4092 | D:4      | Found an opulent altar of Gozag.
  4756 | D:4      | Found a blossoming altar of Fedhas.
  4914 | D:5      | Entered Level 5 of the Dungeon
  4927 | D:5      | Found an opulent altar of Gozag.
  5014 | D:5      | Found a shadowy altar of Dithmenos.
  5332 | D:5      | Found a staircase to the Ecumenical Temple.
  5424 | Temple   | Entered the Ecumenical Temple
  5568 | Temple   | Became a worshipper of Cheibriados the Contemplative
  5889 | D:5      | Reached XP level 7. HP: 53/54 MP: 7/7
  6184 | D:6      | Reached skill level 5 in Armour
  6184 | D:6      | Reached skill level 5 in Shields
  6465 | D:6      | Found an ancient bone altar of Kikubaaqudgha.
  6483 | D:6      | Reached * piety under Cheibriados
  6591 | D:5      | Reached XP level 8. HP: 17/61 MP: 8/8
  6985 | D:6      | Reached skill level 5 in Fighting
  7770 | D:7      | Reached skill level 1 in Invocations
  7889 | D:7      | Found a burning altar of Makhleb.
  7985 | D:7      | Found an iron altar of Okawaru.
  7988 | D:7      | Reached ** piety under Cheibriados
  8044 | D:7      | Found a shimmering altar of Xom.
  8847 | D:8      | HP: 1/64 [orc priest/divine providence (12)]
  8848 | D:8      | Slain by an orc priest

Illustrated notes

Levels and vault maps discovered:
D:1:      minmay_arrival_solitary_statue, layout_loops_corners,
          minmay_hedge_maze
D:2:      layout_basic, nicolae_hepliaklqana_ecumenical_no_more,
          lemuel_coloured_pillars_altar, old_standard_altar, st_stairs_7
D:3:      layout_basic, marbit_many_paths,
          chequers_ecumenical_altar_simple_redux, minmay_misc_feat_cross,
          kennysheep_generic_room_16, uniq_robin
D:4:      layout_basic, kennysheep_mini_moat, grunt_gozag_breadcrumbs,
          bloody_trog, serial_shops, shop, minmay_pentomino_pile
D:5:      layout_loops_corners, nicolae_dithmenos_the_darkroom, temple_doors_e,
          lemuel_statue_altar
D:6:      layout_layer_cave, old_standard_altar
D:7:      layout_basic, makhleb_heckhound_becter, lemuel_doored_altar,
          grunt_temple_overflow_open, kennysheep_generic_room_4
D:8:      layout_gridville, gammafunk_ghost_icy
D:9:      layout_cave_pods, lair_entry_dummy, ashenzari_altar_1, uniq_erolcha,
          uniq_maggie, uniq_pikel
Temple:   nicolae_temple_figure_zero

Skill      XL: |  1  2  3  4  5  6  7  8 |
---------------+-------------------------+-----
Long Blades    | 2 |  2.8
Armour         | 3 4 5 6 |  6.3
Shields        | 3 4 5 6 |  6.6
Dodging        | 1 2 |  2.4
Fighting       | 4 5 |  5.8
Invocations    | 1 |  1.8
Stealth        | |  0.2

Action                   |  1- 3 |  4- 6 |  7- 9 || total
-------------------------+-------+-------+-------++-------
Melee: Long sword        |    92 |   195 |   126 ||   413
  Use: Scroll            |       |     1 |       ||     1
       Potion            |       |       |     3 ||     3
Armor: Scale mail        |    40 |    22 |       ||    62
       Plate armour      |       |    70 |    94 ||   164
       Chain mail        |       |    13 |       ||    13
Dodge: Dodged            |    34 |    31 |    34 ||    99
Block: Kite shield       |    44 |   116 |   105 ||   265
       Rpst.: Long sword |    14 |     9 |    12 ||    35

Table legend: (Time is in decaauts)
 A = Elapsed time spent in this place.
 B = Non-inter-level travel time spent in this place.
 C = Inter-level travel time spent in this place.
 D = Time resting spent in this place.
 E = Time spent auto-exploring this place.
 F = Levels seen in this place.
 G = Mean time per level.
                   A        B        C        D        E       F      G
               +--------+--------+--------+--------+--------+-----+--------+
         Total |   9942 |   9600 |    342 |   1547 |   5110 |  10 |  994.2 |
       Dungeon |   9785 |   9443 |    342 |   1547 |   4997 |   9 | 1087.2 |
        Temple |    156 |    156 |      0 |      0 |    113 |   1 |  156.0 |
               +--------+--------+--------+--------+--------+-----+--------+

Top non-repeatable levels by time:
     D:7: 1760 daAuts
     D:5: 1463 daAuts
     D:6: 1433 daAuts
     D:3: 1413 daAuts
     D:2: 1398 daAuts
     D:4: 1181 daAuts
     D:1: 1049 daAuts
  Temple: 156 daAuts
     D:8: 84 daAuts
     D:9: 1 daAuts
